 Dungeon Crawl Stone Soup version 0.31-a0-246-g8cbcc1cb85 (webtiles) character file.

Game seed: 15892105860406519158

4 innerfire43 the Trooper (level 1, 0/18 HPs)
             Began as a Demonspawn Monk on July 12, 2023.
             Frozen to death by an endoplasm (5 damage)
             ... on level 1 of the Dungeon.
             The game lasted 00:00:13 (88 turns).

innerfire43 the Trooper (Demonspawn Monk)             Turns: 88, Time: 00:00:13

Health: 0/18       AC:  2    Str: 11    XL:     1   Next: 58%
Magic:  1/1        EV: 10    Int: 11    God:
Gold:   23         SH:  0    Dex: 21    Spells: 0/0 levels left

rFire   . . .        a - +0 hand axe
rCold   . . .        d - orb {light}
rNeg    . . .        b - +0 robe
rPois   .            (no helmet)
rElec   .            (no cloak)
rCorr   .            (no gloves)
SInv    .            (no boots)
Will    .....        (no amulet)
Stlth   +            e - +6 ring of dexterity
HPRegen 0.23/turn    (no ring)
MPRegen 0.07/turn

%: no passive effects
@: glowing, constricted
A: no striking features
a: no special abilities


You were on level 1 of the Dungeon.
You visited 1 branch of the dungeon, and saw 1 of its levels.

You collected 23 gold pieces.

Inventory:

Hand Weapons
 a - a +0 hand axe (weapon)
Armour
 b - a +0 robe (worn)
 d - an orb of light (worn)
Jewellery
 e - a +6 ring of dexterity (left hand)
Potions
 c - a potion of ambrosia


   Skills:
 + Level 3.0 Fighting
 + Level 2.7 Axes
 * Level 2.9 Dodging


You couldn't memorise any spells.
You didn't know any spells.
Your spell library was empty.

Dungeon Overview and Level Annotations

Branches:
Dungeon (1/15)

Altars:


Message History

There are monsters nearby!
You hit the ball python.
The ball python is moderately wounded.
The ball python completely misses you. The ball python closely misses you. x2
The ball python grabs you. The ball python constricts you.
You hit the ball python.
The ball python is severely wounded.
The ball python bites you. The ball python constricts you.
You hit the ball python but do no damage.
The ball python is severely wounded.
You barely miss the ball python.
The ball python bites you but does no damage.
The ball python misses you. The ball python constricts you.
The ball python bites you but does no damage.
The ball python bites you. The ball python constricts you.
You hit the ball python but do no damage.
The ball python is severely wounded.
You hit the endoplasm. You hit the ball python.
You kill the ball python!
The bat closely misses you. The ball python bites you.
The ball python constricts you.
The endoplasm hits you but does no damage.
You hit the ball python but do no damage.
The ball python is severely wounded.
You hit the endoplasm. You hit the bat.
You kill the bat!
The ball python bites you. The ball python constricts you.
The endoplasm freezes you.
You are frozen.
* * * LOW HITPOINT WARNING * * *
The ball python closely misses you. The ball python constricts you.
You are too injured to fight recklessly!
Unknown command.
You are too injured to fight recklessly!
You hit the endoplasm but do no damage.
The endoplasm is almost dead.
You barely miss the ball python. The endoplasm freezes you.
You are frozen.
You die...

#..# #.# ### #..#
#.# .. #..# #.#
###.# #..# #.#
..... #..#
#..####..###.##
#.....††.......
.####.J......###.##
..!...†@.....#
..###.S......#
#.#.....##
#.###.### . ... ##
##.## .#


You could see an endoplasm and a ball python.

Vanquished Creatures
  A dart slug (D:1)
  A ball python (D:1)
  A bat (D:1)
  A rat (D:1)
4 creatures vanquished.

Notes
Turn   | Place    | Note
-------+----------+-------------------------------------------
     0 | D:1      | innerfire43 the Demonspawn Monk began the quest for the
                  | Orb.
     0 | D:1      | Reached XP level 1. HP: 18/18 MP: 1/1
    88 | D:1      | Frozen to death by an endoplasm

Illustrated notes

Levels and vault maps discovered:
D:1:      sevenhm_arrival_forest_fort_large_2, layout_loops_ring,
          minmay_pentomino_r2

Action                     || total
---------------------------++-------
  Melee: Hand axe          ||    11
 Armour: Robe              ||     5
  Dodge: Dodged            ||     8

Table legend: (Time is in decaauts)
 A = Elapsed time spent in this place.
 B = Non-inter-level travel time spent in this place.
 C = Inter-level travel time spent in this place.
 D = Time resting spent in this place.
 E = Time spent auto-exploring this place.
 F = Levels seen in this place.
 G = Mean time per level.
                   A        B        C        D        E       F      G
               +--------+--------+--------+--------+--------+-----+--------+
         Total |     89 |     89 |      0 |      0 |     67 |   1 |   89.0 |
       Dungeon |     89 |     89 |      0 |      0 |     67 |   1 |   89.0 |
               +--------+--------+--------+--------+--------+-----+--------+

Top non-repeatable levels by time:
     D:1: 89 daAuts
